SL
NEW AMSTERDAM REPUBLICS @ CAPITAL DISTRICT RED KNIGHTS
08/07/2022
 
TOP OF THE 1ST
New Amsterdam Republics batting - Pitching for Capital District Red Knights : RHP Héctor Alarcon
Pitching: RHP Héctor Alarcon
Batting: RHB António Pérez 0-0: Ball
1-0: Called Strike
1-1: Ground out 5-3 (Groundball, 5)
Batting: RHB Ed Anderson 0-0: Ball
1-0: Ball
2-0: Foul Ball, location: 2F
2-1: Ball
3-1: Base on Balls
Batting: LHB Eric Ward 0-0: Called Strike
0-1: Swinging Strike
0-2: Ball
1-2: Foul Ball, location: 2F
1-2: Foul Ball, location: 2F
1-2: Strikes out swinging
Batting: RHB Júlio Maldonado 0-0: Called Strike
0-1: Foul Ball, location: 2F
0-2: Fly out, F7 (Flyball, 7LM)
Top of the 1st over - 0 run(s), 0 hit(s), 0 error(s), 1 left on base; New Amsterdam 0 - Capital District 0
BOTTOM OF THE 1ST
Capital District Red Knights batting - Pitching for New Amsterdam Republics : RHP Pedro Castro
Pitching: RHP Pedro Castro
Batting: LHB Arturo Hernández 0-0: Ball
1-0: Ball
2-0: Ball
3-0: Base on Balls
Batting: SHB Joreão Canosa 0-0: Ball
1-0: Ball
2-0: SINGLE (Groundball, 4MD)
Arturo Hernández to second
Runner from 2nd tries for 3rd, SAFE, no throw or cutoff
Batting: RHB Daniel Lallanilla 0-0: DOUBLE (Flyball, 78D)
Arturo Hernández scores
Joreão Canosa to third
Batting: LHB Leonardo López 0-0: Called Strike
0-1: Ball
1-1: Ball
2-1: Fly out, F9 (Flyball, 9S)
Batting: LHB Theodore Shaw 0-0: Called Strike
0-1: Called Strike
0-2: Ball
1-2: Ball
2-2: Strikes out looking
Batting: RHB Jason Weston 0-0: Ball
1-0: Ball
2-0: Called Strike
2-1: Ball
3-1: Foul Ball, location: 2F
3-2: Base on Balls
Batting: RHB Lane Rich 0-0: Ball
1-0: Foul Ball, location: 2F
1-1: Ball
2-1: DOUBLE (Flyball, 8RM)
Joreão Canosa scores
Daniel Lallanilla scores
Jason Weston to third
Runner from 3rd tries for Home, SAFE, throw made home
Batting: RHB Chang-bum Pak 0-0: Called Strike
0-1: Ball
1-1: Ball
2-1: Called Strike
2-2: Ball
3-2: SINGLE (Line Drive, 6MD)
Lane Rich to third
Lane Rich scores
Batting: RHB Tom Christensen 0-0: Called Strike
0-1: Ball
1-1: Called Strike
1-2: Ball
2-2: SINGLE (Groundball, 4MD)
Chang-bum Pak to second
Chang-bum Pak to third
Batting: LHB Arturo Hernández 0-0: Called Strike
0-1: Called Strike
0-2: Strikes out swinging
Bottom of the 1st over - 5 run(s), 5 hit(s), 0 error(s), 2 left on base; New Amsterdam 0 - Capital District 5
TOP OF THE 2ND
New Amsterdam Republics batting - Pitching for Capital District Red Knights : RHP Héctor Alarcon
Batting: LHB Steve Ingram 0-0: Ball
1-0: Ball
2-0: Called Strike
2-1: Foul Ball, location: 2F
2-2: Foul Ball, location: 2F
2-2: Foul Ball, location: 2F
2-2: Foul Ball, location: 2F
2-2: Ball
3-2: Base on Balls
Batting: RHB Cory Hansen 0-0: Swinging Strike
0-1: Swinging Strike
0-2: Ball
1-2: Ball
2-2: 2-RUN HOME RUN (Flyball, 78XD), Distance : 368 ft
Batting: LHB Félix López 0-0: Called Strike
0-1: Foul Ball, location: 2F
0-2: Strikes out swinging
Batting: RHB Tim Robinson 0-0: Ball
1-0: Foul Ball, location: 2F
1-1: Swinging Strike
1-2: Foul Ball, location: 2F
1-2: Strikes out looking
Batting: RHB Ronald Shelton 0-0: Called Strike
0-1: Ball
1-1: Called Strike
1-2: Foul Ball, location: 2F
1-2: Strikes out swinging
Top of the 2nd over - 2 run(s), 1 hit(s), 0 error(s), 0 left on base; New Amsterdam 2 - Capital District 5
BOTTOM OF THE 2ND
Capital District Red Knights batting - Pitching for New Amsterdam Republics : RHP Pedro Castro
Batting: SHB Joreão Canosa 0-0: Ball
1-0: Swinging Strike
1-1: Swinging Strike
1-2: Ball
2-2: Ball
3-2: Base on Balls
Batting: RHB Daniel Lallanilla 0-0: Ball
1-0: Ball
2-0: Ball
3-0: Base on Balls
Joreão Canosa to second
Batting: LHB Leonardo López 0-0: Called Strike
0-1: Foul Ball, location: 2F
0-2: Ball
1-2: Foul Ball, location: 2F
1-2: Ball
2-2: Ball
3-2: Base on Balls
Joreão Canosa to third
Daniel Lallanilla to second
Batting: LHB Theodore Shaw 0-0: Called Strike
0-1: Ball
1-1: Foul Ball, location: 2F
1-2: Foul Ball, location: 2F
1-2: Foul Ball, location: 2F
1-2: Strikes out looking
Batting: RHB Jason Weston 0-0: Swinging Strike
0-1: Fly out, F3 (Line Drive, 3S)
Batting: RHB Lane Rich 0-0: Called Strike
0-1: Ball
1-1: Swinging Strike
1-2: Strikes out swinging
Bottom of the 2nd over - 0 run(s), 0 hit(s), 0 error(s), 3 left on base; New Amsterdam 2 - Capital District 5
TOP OF THE 3RD
New Amsterdam Republics batting - Pitching for Capital District Red Knights : RHP Héctor Alarcon
Batting: RHB António Pérez 0-0: Ball
1-0: Fly out, F6 (Line Drive, 6)
Batting: RHB Ed Anderson 0-0: Ball
1-0: Ball
2-0: Ball
3-0: Base on Balls
Batting: LHB Eric Ward 0-0: Called Strike
0-1: Ball
1-1: Ground out 3-1 (Groundball, 34S)
Ed Anderson to second
Batting: RHB Júlio Maldonado 0-0: Called Strike
0-1: Fly out, F2 (Popup, 2RF)
Top of the 3rd over - 0 run(s), 0 hit(s), 0 error(s), 1 left on base; New Amsterdam 2 - Capital District 5
BOTTOM OF THE 3RD
Capital District Red Knights batting - Pitching for New Amsterdam Republics : RHP Pedro Castro
Batting: RHB Chang-bum Pak 0-0: Called Strike
0-1: Swinging Strike
0-2: Ball
1-2: Strikes out swinging
Batting: RHB Tom Christensen 0-0: Ball
1-0: Ball
2-0: Called Strike
2-1: Foul Ball, location: 2F
2-2: Ball
3-2: Strikes out swinging
Batting: LHB Arturo Hernández 0-0: Called Strike
0-1: Ball
1-1: Swinging Strike
1-2: Strikes out swinging
Bottom of the 3rd over - 0 run(s), 0 hit(s), 0 error(s), 0 left on base; New Amsterdam 2 - Capital District 5
TOP OF THE 4TH
New Amsterdam Republics batting - Pitching for Capital District Red Knights : RHP Héctor Alarcon
Batting: LHB Steve Ingram 0-0: Foul Ball, location: 2F
0-1: Ball
1-1: Ground out 6-3 (Groundball, 6M)
Batting: RHB Cory Hansen 0-0: Foul Ball, location: 2F
0-1: Ball
1-1: Swinging Strike
1-2: Ball
2-2: Strikes out swinging
Batting: LHB Félix López 0-0: Called Strike
0-1: Ball
1-1: Called Strike
1-2: Strikes out swinging
Top of the 4th over - 0 run(s), 0 hit(s), 0 error(s), 0 left on base; New Amsterdam 2 - Capital District 5
BOTTOM OF THE 4TH
Capital District Red Knights batting - Pitching for New Amsterdam Republics : RHP Pedro Castro
Batting: SHB Joreão Canosa 0-0: Called Strike
0-1: Ball
1-1: Swinging Strike
1-2: Ball
2-2: Ball
3-2: Reached on error, E4 (Groundball, 4)
Batting: RHB Daniel Lallanilla 0-0: Ball
1-0: Foul Ball, location: 2F
1-1: Foul Ball, location: 2F
1-2: Ball
2-2: Strikes out swinging
Batting: LHB Leonardo López 0-0: Ball
1-0: Foul Ball, location: 2F
1-1: Swinging Strike
1-2: Strikes out swinging
Batting: LHB Theodore Shaw 0-0: Swinging Strike
0-1: Swinging Strike
0-2: Foul Ball, location: 2F
0-2: Foul Ball, location: 2F
0-2: SINGLE (Groundball, 4MD)
Joreão Canosa to second
Throwing error, E8
Joreão Canosa scores
Theodore Shaw to second
Pitching: LHP Frenk Norman
Batting: RHB Jason Weston 0-0: Called Strike
0-1: Ball
1-1: Ground out 5-3 (Groundball, 5)
Bottom of the 4th over - 1 run(s), 1 hit(s), 2 error(s), 1 left on base; New Amsterdam 2 - Capital District 6
TOP OF THE 5TH
New Amsterdam Republics batting - Pitching for Capital District Red Knights : RHP Héctor Alarcon
Batting: RHB Tim Robinson 0-0: Ball
1-0: Called Strike
1-1: Ball
2-1: Ground out 6-3 (Groundball, 6M)
Batting: RHB Ronald Shelton 0-0: Ball
1-0: Ball
2-0: Called Strike
2-1: Fly out, F2 (Popup, 23F)
Batting: RHB António Pérez 0-0: Foul Ball, location: 2F
0-1: SINGLE (Groundball, 15) (infield hit)
Batting: RHB Ed Anderson 0-0: Ball
1-0: Called Strike
1-1: Ground out 6-3 (Groundball, 6)
Top of the 5th over - 0 run(s), 1 hit(s), 0 error(s), 1 left on base; New Amsterdam 2 - Capital District 6
BOTTOM OF THE 5TH
Capital District Red Knights batting - Pitching for New Amsterdam Republics : LHP Frenk Norman
Batting: RHB Lane Rich 0-0: SINGLE (Line Drive, 89S)
Batting: RHB Chang-bum Pak 0-0: Ball
1-0: Sac Bunt - play at first, batter OUT! 3-4
Lane Rich to second
Batting: RHB Tom Christensen 0-0: Ball
1-0: Swinging Strike
1-1: Called Strike
1-2: Ground out 5-3 (Groundball, 56)
Batting: LHB Arturo Hernández 0-0: Ball
1-0: SINGLE (Groundball, 34D) (infield hit)
Lane Rich to third
Batting: SHB Joreão Canosa 0-0: Ball
1-0: Ball
2-0: Called Strike
2-1: Ball
3-1: Base on Balls
Arturo Hernández to second
Batting: RHB Daniel Lallanilla 0-0: Ball
1-0: Called Strike
1-1: Foul Ball, location: 2F
1-2: Ball
2-2: Strikes out swinging
Bottom of the 5th over - 0 run(s), 2 hit(s), 0 error(s), 3 left on base; New Amsterdam 2 - Capital District 6
TOP OF THE 6TH
New Amsterdam Republics batting - Pitching for Capital District Red Knights : RHP Héctor Alarcon
Batting: LHB Eric Ward 0-0: Called Strike
0-1: Swinging Strike
0-2: Foul Ball, location: 2F
0-2: Foul Ball, location: 2F
0-2: Ball
1-2: Fly out, F8 (Flyball, 8RXD)
Batting: RHB Júlio Maldonado 0-0: Called Strike
0-1: Ball
1-1: Called Strike
1-2: Foul Ball, location: 2F
1-2: Strikes out looking
Batting: LHB Steve Ingram 0-0: SINGLE (Line Drive, 9S)
Batting: RHB Cory Hansen 0-0: Called Strike
0-1: Ball
1-1: Ball
2-1: 2-RUN HOME RUN (Flyball, 78XD), Distance : 377 ft
Batting: LHB Félix López 0-0: Called Strike
0-1: Ball
1-1: Swinging Strike
1-2: Foul Ball, location: 2F
1-2: Ground out 6-3 (Groundball, 6)
Top of the 6th over - 2 run(s), 2 hit(s), 0 error(s), 0 left on base; New Amsterdam 4 - Capital District 6
BOTTOM OF THE 6TH
Capital District Red Knights batting - Pitching for New Amsterdam Republics : LHP Frenk Norman
Batting: LHB Leonardo López 0-0: Ball
1-0: Swinging Strike
1-1: Ball
2-1: Swinging Strike
2-2: Ball
3-2: Strikes out looking
Batting: LHB Theodore Shaw 0-0: Called Strike
0-1: Ball
1-1: SINGLE (Groundball, 4MD)
Batting: RHB Jason Weston 0-0: Ball
1-0: Ball
2-0: Foul Ball, location: 2F
2-1: DOUBLE (Line Drive, 7LM)
Theodore Shaw to third
Runner from 3rd tries for Home, SAFE, throw made home
Batting: RHB Lane Rich 0-0: Ball
1-0: SINGLE (Line Drive, 7S)
Jason Weston to third
Batting: RHB Chang-bum Pak 0-0: Swinging Strike
0-1: SINGLE (Line Drive, 6D)
Jason Weston scores
Lane Rich to second
Batting: RHB Tom Christensen 0-0: Grounds into double play, 6-4-3 (Groundball, 6)
Bottom of the 6th over - 2 run(s), 4 hit(s), 0 error(s), 1 left on base; New Amsterdam 4 - Capital District 8
TOP OF THE 7TH
New Amsterdam Republics batting - Pitching for Capital District Red Knights : RHP Héctor Alarcon
Batting: RHB Tim Robinson 0-0: Called Strike
0-1: Ball
1-1: Foul Ball, location: 2F
1-2: Ground out 1-3 (Groundball, 23)
Batting: RHB Ronald Shelton 0-0: Foul Ball, location: 2F
0-1: Ball
1-1: Foul Ball, location: 2F
1-2: Ball
2-2: Foul Ball, location: 2F
2-2: Fly out, F8 (Flyball, 8RXD)
Batting: RHB António Pérez 0-0: Swinging Strike
0-1: Ball
1-1: Foul Ball, location: 2F
1-2: Foul Ball, location: 2F
1-2: DOUBLE (Line Drive, 5L)
Batting: RHB Ed Anderson 0-0: Foul Ball, location: 2F
0-1: Ground out 1-3 (Groundball, 13S)
Top of the 7th over - 0 run(s), 1 hit(s), 0 error(s), 1 left on base; New Amsterdam 4 - Capital District 8
BOTTOM OF THE 7TH
Capital District Red Knights batting - Pitching for New Amsterdam Republics : LHP Frenk Norman
Batting: LHB Arturo Hernández 0-0: Called Strike
0-1: Fly out, F9 (Flyball, 9D)
Batting: SHB Joreão Canosa 0-0: Called Strike
0-1: Ground out 6-3 (Groundball, 6M)
Batting: RHB Daniel Lallanilla 0-0: Ball
1-0: Ball
2-0: Ball
3-0: Base on Balls
Batting: LHB Leonardo López 0-0: Called Strike
0-1: Ball
1-1: Foul Ball, location: 2F
1-2: Ball
Daniel Lallanilla steals 2nd base
2-2: Fly out, F4 (Popup, 34D)
Bottom of the 7th over - 0 run(s), 0 hit(s), 0 error(s), 1 left on base; New Amsterdam 4 - Capital District 8
TOP OF THE 8TH
New Amsterdam Republics batting - Pitching for Capital District Red Knights : RHP Héctor Alarcon
Batting: LHB Eric Ward 0-0: Ball
1-0: Ball
2-0: Ball
3-0: Base on Balls
Pitching: RHP Lou Lowry
Batting: RHB Júlio Maldonado 0-0: Ball
1-0: SINGLE (Flyball, 8LS)
Eric Ward to second
Pitching: RHP Armando Martínez
Batting: LHB Steve Ingram 0-0: Foul Ball, location: 2F
0-1: Called Strike
0-2: Fly out, F9 (Flyball, 89D)
Runner from 2nd tags up, SAFE at 3rd, no throw
Batting: RHB Cory Hansen 0-0: Ball
1-0: Ball
2-0: Called Strike
2-1: Called Strike
2-2: Ball
3-2: Base on Balls
Júlio Maldonado to second
Batting: LHB Félix López 0-0: Ball
1-0: Ball
2-0: Foul Ball, location: 2F
2-1: GRAND SLAM HOME RUN (Flyball, 9LD), Distance : 333 ft
Pinch Hitting: RHB Carlos Ortega 0-0: Called Strike
0-1: Ball
1-1: Fly out, F8 (Flyball, 8RD)
Batting: RHB Ronald Shelton 0-0: Called Strike
0-1: SINGLE (Line Drive, 7S)
Batting: RHB António Pérez 0-0: Ball
1-0: Swinging Strike
1-1: Called Strike
1-2: Ball
2-2: Strikes out looking
Top of the 8th over - 4 run(s), 3 hit(s), 0 error(s), 1 left on base; New Amsterdam 8 - Capital District 8
BOTTOM OF THE 8TH
Capital District Red Knights batting - Pitching for New Amsterdam Republics : LHP Frenk Norman
Pitching: LHP Michael Rondeau
Now at 3B: David Morales
Batting: LHB Theodore Shaw 0-0: Foul Ball, location: 2F
0-1: Swinging Strike
0-2: Ball
1-2: Foul Ball, location: 2F
1-2: Strikes out swinging
Batting: RHB Jason Weston 0-0: Ground out 4-3 (Groundball, 4)
Pinch Hitting: RHB Barry Dempsey 0-0: Foul Ball, location: 2F
0-1: Foul Ball, location: 2F
0-2: Ball
1-2: Strikes out swinging
Bottom of the 8th over - 0 run(s), 0 hit(s), 0 error(s), 0 left on base; New Amsterdam 8 - Capital District 8
TOP OF THE 9TH
New Amsterdam Republics batting - Pitching for Capital District Red Knights : RHP Armando Martínez
Pitching: RHP Richard Brown
Now at 2B: Martin Young
Batting: RHB Ed Anderson 0-0: Fly out, F8 (Flyball, 89D)
Batting: LHB Eric Ward 0-0: Ball
1-0: Ball
2-0: Ball
3-0: Called Strike
3-1: Base on Balls
Pitching: LHP César Valdéz
Batting: RHB Júlio Maldonado 0-0: Fly out, F7 (Flyball, 7M)
Batting: LHB Steve Ingram 0-0: Ball
1-0: Called Strike
1-1: Swinging Strike
1-2: Ball
Eric Ward is caught stealing 2nd base
Top of the 9th over - 0 run(s), 0 hit(s), 0 error(s), 0 left on base; New Amsterdam 8 - Capital District 8
BOTTOM OF THE 9TH
Capital District Red Knights batting - Pitching for New Amsterdam Republics : LHP Michael Rondeau
Pitching: RHP Gavin Blackburn
Batting: RHB Chang-bum Pak 0-0: Called Strike
0-1: Ball
1-1: SINGLE (Groundball, 56)
Batting: RHB Tom Christensen Pickoff Throw to First - Error! E1
Chang-bum Pak to second
0-0: Ball
1-0: Ball
2-0: Called Strike
2-1: Foul Ball, location: 2F
2-2: Strikes out looking
Batting: LHB Arturo Hernández 0-0: Called Strike
0-1: Ball
1-1: Swinging Strike
1-2: Ball
2-2: Ball
3-2: Reached on error, E5 (Groundball, 56)
Chang-bum Pak to third
Batting: SHB Joreão Canosa 0-0: Ball
Arturo Hernández steals 2nd base
1-0: Intentional Walk
Batting: RHB Daniel Lallanilla 0-0: Ball
1-0: Called Strike
1-1: Foul Ball, location: 2F
1-2: Ball
2-2: Grounds into fielders choice 6-2 (Groundball, 6)
Arturo Hernández to third
Joreão Canosa to second
Batting: LHB Leonardo López 0-0: Ball
Wild Pitch!
Arturo Hernández scores
This league is powered by Out of the Park Baseball, the baseball management simulation game for PC, Mac and Linux
Friday, April 15th, 2016 - OOTP Baseball 16.9 Build 39